 Dungeon Crawl Stone Soup version 0.31-a0-214-gb37851dbb3 (webtiles) character file.

Game seed: 10673453063848317198

649 qw the Shooter (level 7, 0/43 HPs)
             Began as a Gargoyle Hexslinger on July 1, 2023.
             Slain by Edmund
             ... wielding a +4 flail of holy wrath
              (12 damage)
             ... on level 5 of the Dungeon.
             The game lasted 00:01:41 (3877 turns).

qw the Shooter (Gargoyle Hexslinger)                Turns: 3877, Time: 00:01:42

Health: 0/43       AC: 10    Str: 11    XL:     7   Next: 53%
Magic:  8/8        EV: 11    Int: 14    God:
Gold:   133        SH:  0    Dex: 14    Spells: 7/8 levels left

rFire   . . .        Y - +2 sling (freeze)
rCold   . . .        (no shield)
rNeg    + + .        g - +2 leather armour {rN+}
rPois   inf          (no helmet)
rElec   +            (no cloak)
rCorr   .            d - +0 pair of gloves
SInv    .            (no boots)
Will    .....        (no amulet)
Stlth   +            (no ring)
HPRegen 0.27/turn    (no ring)
MPRegen 0.11/turn

%: no passive effects
@: no status effects
A: sickness immunity, AC +4, negative energy resistance 1, electricity
resistance, torment resistance 1, petrification resistance
a: no special abilities


You were on level 5 of the Dungeon.
You visited 2 branches of the dungeon, and saw 6 of its levels.

You collected 133 gold pieces.


Innate Abilities, Weirdness & Mutations

You are immune to sickness and miasma.
Your stone body is resilient. (AC +4)
You are immune to poison.
You resist negative energy. (rN+)
You are resistant to electric shocks. (rElec)
You are resistant to unholy torment.
You are immune to petrification.


   Skills:
 - Level 4.0 Fighting
 + Level 7.2 Ranged Weapons
 - Level 1.0 Armour
 - Level 1.5 Dodging
 - Level 1.0 Spellcasting
 - Level 2.6 Hexes


You had 7 spell levels left.
You knew the following spells:

 Your Spells              Type           Power      Damage    Failure   Level
a - Slow                  Hex            32%        N/A       12%         1

Your spell library contained the following spells:

 Spells                   Type           Power      Damage    Failure   Level
 Inner Flame              Hex/Fire       4%         N/A       52%         3
 Portal Projectile        Hex/Tloc       8%         N/A       52%         3
 Cause Fear               Hex            4%         N/A       75%         4

Inventory:

Hand Weapons
 Y - a +2 sling of freezing (weapon)
Armour
 d - a +0 pair of gloves (worn)
 g - a +2 leather armour of positive energy (worn)
 h - a +0 helmet
Jewellery
 a - a ring of ice
Scrolls
 f - a scroll of identify
Potions
 b - 2 potions of haste
 c - 2 potions of curing
 e - a potion of heal wounds
 j - a potion of might {unknown}
 l - a potion of degeneration {unknown}
 m - a potion of mutation {unknown}

Dungeon Overview and Level Annotations

Branches:
Dungeon (5/15)             Temple (1/1) D:4

Altars:
Ashenzari
Cheibriados
Dithmenos
Elyvilon
Fedhas
Gozag
Kikubaaqudgha
Makhleb
Qazlal
Ru
Sif Muna
Trog
Uskayaw
Vehumet
Wu Jian
Xom
Yredelemnul
Zin
The Shining One

Annotations:
D:2 1 runed translucent door, Crazy Yiuf
D:5 Edmund


Message History

Edmund closely misses you.
Edmund says, "People will remember me!
They'll remember me and die!"
Edmund barely misses you.
You shoot a sling bullet. The sling bullet closely misses Edmund.
Edmund hits you with a +4 flail of holy wrath!
You shoot a sling bullet. The sling bullet closely misses Edmund.
Edmund hits you with a +4 flail of holy wrath.
You shoot a sling bullet. The sling bullet hits Edmund.
The sling bullet freezes Edmund.
Edmund is moderately wounded.
Edmund hits you with a +4 flail of holy wrath.
You shoot a sling bullet. The sling bullet hits Edmund.
The sling bullet freezes Edmund.
Edmund is heavily wounded.
Edmund closely misses you.
You shoot a sling bullet. The sling bullet barely misses Edmund.
Edmund hits you with a +4 flail of holy wrath.
You shoot a sling bullet. The sling bullet barely misses Edmund.
Edmund barely misses you.
You shoot a sling bullet. The sling bullet hits Edmund!
The sling bullet freezes Edmund.
Edmund is severely wounded.
Edmund barely misses you.
You shoot a sling bullet. The sling bullet hits Edmund.
The sling bullet freezes Edmund.
Edmund is severely wounded.
Edmund hits you with a +4 flail of holy wrath!
You shoot a sling bullet. The sling bullet barely misses Edmund.
Edmund completely misses you.
You shoot a sling bullet. The sling bullet closely misses Edmund.
Edmund hits you but does no damage.
You shoot a sling bullet. The sling bullet closely misses Edmund.
Edmund closely misses you.
You shoot a sling bullet. The sling bullet closely misses Edmund.
Edmund hits you with a +4 flail of holy wrath!
You shoot a sling bullet. The sling bullet hits Edmund!
The sling bullet freezes Edmund.
Edmund is almost dead.
Edmund hits you with a +4 flail of holy wrath!
You die...

#.# |. # #.# .#
#.####.# .# #....#.#
.# #.#.##### .#
##.#...... .#
#......#.#
#####@######..####.##
#...@.......<.# #.##
#.###.#######.# #.##
#.# .# #.# ##.#. #.#
.# #.# #.... #.# .#
#.# #..## ##.# .# #.#
#..# #..# .. ..
#.###..# #.## ##
#.###.#.#..## #.#
#............


You could see Edmund.

Vanquished Creatures
  A black bear (D:5)
  2 ogres
  A howler monkey (D:4)
  2 jellies
  An orc priest (D:4)
  A sleepcap (D:5)
  3 iguanas
  6 adders
  A shadow imp (D:3)
  An ufetubus (D:4)
  4 dart slugs
  6 orcs
  5 ball pythons
  7 endoplasms
  4 giant cockroaches
  8 goblins
  8 hobgoblins
  6 jackals
  7 quokkas
  2 bats (D:2)
  2 frilled lizards
  9 kobolds
  5 rats
92 creatures vanquished.

Notes
Turn   | Place    | Note
-------+----------+-------------------------------------------
     0 | D:1      | qw the Gargoyle Hexslinger began the quest for the Orb.
     0 | D:1      | Reached XP level 1. HP: 12/12 MP: 2/2
     0 | D:1      | 0 ||| qw: Version: 0.3-a-32-g5962c71
     0 | D:1      | 0 ||| qw: Game counter: 7407
     0 | D:1      | 0 ||| qw: Melee chars always use a shield: true
     0 | D:1      | 0 ||| qw: God list: Okawaru
     0 | D:1      | 0 ||| qw: Allow faded altars: false
     0 | D:1      | 0 ||| qw: Do Orc after clearing Dungeon:15 true
     0 | D:1      | 0 ||| qw: Do second Lair branch before Depths: true
     0 | D:1      | 0 ||| qw: Lair rune preference: random
     0 | D:1      | 0 ||| qw: Goals: Normal
     0 | D:1      | 0 ||| PLANNING D:1-11
   153 | D:1      | Reached XP level 2. HP: 16/16 MP: 3/3
   196 | D:1      | Reached skill level 3 in Ranged Weapons
   456 | D:1      | Reached XP level 3. HP: 21/21 MP: 4/4
   679 | D:1      | 679 ||| UPGRADING to +0 pair of gloves.
   684 | D:1      | 684 ||| UPGRADING to +0 ring mail.
   694 | D:1      | 694 ||| DROPPING +0 robe.
   695 | D:1      | 695 ||| READING scroll labelled HAUCOV VAEQ.
   696 | D:1      | 696 ||| READING scroll labelled ZUYXY KULU.
   697 | D:1      | 697 ||| READING scroll labelled VECVAU DIHIP.
   700 | D:1      | 700 ||| READING scroll labelled FEHYDOTOME.
   701 | D:1      | 701 ||| DROPPING scroll of poison.
   862 | D:2      | Reached skill level 1 in Armour
  1063 | D:2      | Reached XP level 4. HP: 26/26 MP: 5/5
  1366 | D:2      | Found a runed translucent door.
  1367 | D:2      | Noticed Crazy Yiuf
  1495 | D:2      | 1495 ||| READING scroll labelled MATIWA VUGOZ.
  1496 | D:2      | 1496 ||| DRINKING 2 fizzy clear potions.
  1579 | D:3      | Reached skill level 4 in Ranged Weapons
  2096 | D:3      | 2096 ||| DRINKING 3 sapphire potions.
  2097 | D:3      | 2097 ||| DRINKING 2 red potions.
  2098 | D:3      | 2098 ||| READING 2 scrolls of identify.
  2098 | D:3      | 2098 ||| IDENTIFYING lumpy coppery potion
  2099 | D:3      | 2099 ||| DROPPING potion of lignification.
  2167 | D:4      | Found a staircase to the Ecumenical Temple.
  2168 | D:4      | 2168 ||| PLANNING TEMPLE
  2168 | D:4      | 2168 ||| READING scroll labelled TEULOT LITUISS.
  2173 | Temple   | Entered the Ecumenical Temple
  2206 | Temple   | 2206 ||| PLANNING D:1-11
  2365 | D:4      | Noticed an ogre
  2371 | D:4      | Killed an ogre
  2372 | D:4      | Reached skill level 5 in Ranged Weapons
  2372 | D:4      | Reached XP level 5. HP: 18/30 MP: 6/6
  2491 | D:4      | Reached skill level 3 in Fighting
  2491 | D:4      | Reached XP level 6. HP: 37/37 MP: 7/7
  2548 | D:4      | You fall into a shaft and drop 1 floor!
  2548 | D:5      | Entered Level 5 of the Dungeon
  2749 | D:4      | Reached skill level 6 in Ranged Weapons
  3109 | D:4      | 3109 ||| FLEEEEING.
  3255 | D:4      | 3255 ||| UPGRADING to +2 leather armour of positive energy.
  3265 | D:4      | 3265 ||| DROPPING +0 ring mail.
  3266 | D:4      | 3266 ||| READING scroll labelled WEADIE JAMUW.
  3267 | D:4      | 3267 ||| READING scroll labelled WUAPIG LIWOIL.
  3268 | D:4      | 3268 ||| READING 2 scrolls of identify.
  3268 | D:4      | 3268 ||| IDENTIFYING purple potion
  3269 | D:4      | 3269 ||| DROPPING potion of attraction.
  3404 | D:5      | Reached XP level 7. HP: 15/43 MP: 8/8
  3524 | D:5      | HP: 10/43 [water moccasin (4)]
  3525 | D:5      | 3525 ||| READING scroll of teleportation.
  3526 | D:5      | 3526 ||| DRINKING potion of heal wounds.
  3750 | D:5      | HP: 5/43 [black bear (6)]
  3751 | D:5      | 3751 ||| DRINKING 2 potions of heal wounds.
  3753 | D:5      | Reached skill level 7 in Ranged Weapons
  3858 | D:5      | Noticed Edmund
  3877 | D:5      | Slain by Edmund

Levels and vault maps discovered:
D:1:      minmay_arrival_split_and_join, layout_loops_ring,
          chequers_decorated_corner
D:2:      minmay_wonky_spiral, layout_loops_ring, uniq_crazy_yiuf_cottage
D:3:      layout_loops_ring
D:4:      layout_cave_pods, temple_doors_e
D:5:      minmay_inner_zag, layout_loops_ring, uniq_edmund, uniq_menkaure,
          uniq_sigmund
Temple:   hellmonk_temple_of_storms

Skill      XL: |  1  2  3  4  5  6  7 |
---------------+----------------------+-----
Ranged Weapons | 3 5 6 7 |  7.2
Fighting       | 2 3 4 |  4.0
Armour         | 1 |  1.0
Dodging        | |  1.5
Spellcasting   | |  1.0
Hexes          | |  2.6

Action                     |  1- 3 |  4- 6 |  7- 9 || total
---------------------------+-------+-------+-------++-------
   Fire: Sling             |   122 |   185 |    62 ||   369
    Use: Scroll            |     4 |     6 |     1 ||    11
         Potion            |       |     3 |     2 ||     5
 Armour: Robe              |     9 |       |       ||     9
         Ring mail         |    18 |    39 |       ||    57
         Leather armour    |       |     1 |    20 ||    21
  Dodge: Dodged            |    49 |    65 |    28 ||   142

Table legend:
 A = Non-vault XP
 B = Vault XP
 C = Vault XP percentage of total XP
 D = Non-vault monster count
 E = Vault monster count
 F = Vault count percentage of total count
                 A         B        C        D         E       F
            +---------+---------+-------+---------+---------+-------
      Total |     808 |     120 |  12.9 |      86 |       6 |   6.5
            +---------+---------+-------+---------+---------+-------
        D:1 |      46 |       0 |   0.0 |      25 |       0 |   0.0
        D:2 |      41 |       5 |  10.9 |      17 |       3 |  15.0
        D:3 |      54 |       0 |   0.0 |      12 |       0 |   0.0
        D:4 |     381 |       0 |   0.0 |      28 |       0 |   0.0
        D:5 |     286 |     115 |  28.7 |       4 |       3 |  42.9
            +---------+---------+-------+---------+---------+-------
